AoeStats
← Cdaa Axsk

Arena

509864798Analyzed
4v4 RM · 4d ago on Sep 28, 2026· 42m 14s· 8 players
Game mode
Random Map
Map size
Large (8 player)
Population
200
Speed
Normal
Resources
Standard
Victory
Conquest
Starting age
Dark Age
Ending age
Imperial Age
RankedLock teamsTeams togetherTeam positionsShared explorationLock speedFull tech treeHidden civsTurbo modeCheats
Victory
Defeat
🇹🇼 Persians · Taiwan
969
+11
🇹🇼 Gurjaras · Taiwan
858
+15
🇹🇼 Celts · Taiwan
858
+16
🇨🇳 Burgundians · China
858
+16
🇬🇷 Turks · Greece
880
-16
🇪🇸 Celts · Spain
876
-15
🇨🇱 Bohemians · Chile
858
-15
🇨🇳 Celts · China
799
-12
Cdaa Axsk
11:32 Feudal Age
12:02 Double-Bit Axe
12:13 Horse Collar
16:11 Castle Age
17:28 Bow Saw
17:21 Heavy Plow
19:20 Loom
23:29 Wheelbarrow
24:16 Stone Mining
24:16 Gold Mining
27:40 Scale Barding Armor
28:15 Hand Cart
27:46 Town Watch
32:00 Imperial Age
29:33 Town Patrol
30:52 Chain Barding Armor
32:03 Gold Shaft Mining
32:24 Kshatriyas
32:35 Husbandry
32:47 Bloodlines
32:59 Forging
32:44 Fletching
34:04 Chemistry
34:43 Plate Barding Armor
34:17 Elite Elephant Archer
36:17 Frontier Guards
36:20 Forging
37:06 Crop Rotation
37:37 Iron Casting
36:59 Bodkin Arrow
37:55 Stone Shaft Mining
38:52 Ballistics
38:43 Masonry
39:05 Bracer
39:20 Treadmill Crane
40:01 Thumb Ring
40:09 Padded Archer Armor
41:46 Architecture
41:27 Fortified Wall
41:14 Murder Holes
Hao
10:16 Feudal Age
14:58 Castle Age
12:58 Loom
13:22 Double-Bit Axe
15:36 Bow Saw
24:33 Gold Mining
24:25 Horse Collar
26:30 Wheelbarrow
28:16 Hand Cart
28:06 Town Watch
29:16 Gold Shaft Mining
32:07 Imperial Age
31:04 Heavy Plow
31:37 Caravan
32:27 Onager
32:47 Pikeman
34:51 Two-Man Saw
34:23 Crop Rotation
34:08 Squires
34:09 Halberdier
35:45 Forging
35:35 Scale Mail Armor
35:30 Gambesons
36:41 Conscription
37:04 Iron Casting
38:20 Chemistry
37:54 Chain Mail Armor
42:00 Elite War Elephant
zncyue
0:55 Loom
13:09 Feudal Age
14:39 Double-Bit Axe
14:58 Horse Collar
17:36 Castle Age
16:24 Gold Mining
16:44 Stone Mining
20:11 Wheelbarrow
19:49 Bow Saw
25:57 Gold Shaft Mining
27:18 Heavy Plow
28:02 Hand Cart
29:26 Stone Shaft Mining
31:33 Imperial Age
29:28 Ballistics
29:51 Town Watch
30:57 Fortified Wall
32:22 Capped Ram
32:38 Light Cavalry
34:19 Onager
36:10 Hand Cart
36:58 Siege Ram
37:52 Husbandry
LV小吕
6:41 Wheelbarrow
12:04 Double-Bit Axe
15:12 Feudal Age
14:30 Gold Mining
15:18 Stone Mining
15:14 Horse Collar
16:28 Bow Saw
16:19 Heavy Plow
16:57 Gold Shaft Mining
19:26 Hand Cart
23:22 Castle Age
23:52 Stone Shaft Mining
27:43 Husbandry
28:07 Burgundian Vineyards
28:47 Crop Rotation
29:19 Two-Man Saw
29:02 Forging
33:42 Imperial Age
31:38 Town Watch
32:25 Scale Barding Armor
32:58 Iron Casting
32:45 Town Patrol
32:54 Treadmill Crane
34:05 Chain Barding Armor
33:37 Fletching
36:55 Chemistry
37:22 Conscription
36:24 Elite Coustillier
37:52 Ballistics
39:04 Bodkin Arrow
39:13 Padded Archer Armor
Mapuche Mayer
0:27 Loom
Croquetero
7:54 Loom
14:35 Feudal Age
15:29 Double-Bit Axe
18:12 Castle Age
15:57 Horse Collar
21:18 Wheelbarrow
21:28 Stone Mining
21:28 Gold Mining
21:40 Heavy Plow
28:07 Hand Cart
29:22 Bow Saw
32:28 Town Watch
36:38 Imperial Age
34:32 Pikeman
34:58 Arson
34:59 Gambesons
35:27 Forging
35:18 Scale Mail Armor
37:08 Heavy Scorpion
38:14 Capped Ram
40:08 Gold Shaft Mining
39:08 Siege Ram
40:52 Conscription
alex_arch2
14:02 Feudal Age
12:18 Loom
15:00 Double-Bit Axe
21:17 Castle Age
21:12 Gold Mining
21:12 Stone Mining
22:38 Bow Saw
22:10 Horse Collar
24:17 Heavy Plow
28:38 Imperial Age
26:52 Town Watch
28:26 Wheelbarrow
30:26 Town Patrol
30:59 Hand Cart
32:21 Two-Man Saw
33:10 Scale Barding Armor
33:17 Forging
33:09 Husbandry
33:20 Bloodlines
32:31 Heavy Camel Rider
35:57 Chain Barding Armor
35:38 Padded Archer Armor
36:14 Iron Casting
35:29 Fletching
38:00 Bombard Tower
38:01 Ballistics
38:39 Plate Barding Armor
38:20 Leather Archer Armor
39:05 Elite Janissary
40:06 Conscription
Nick76Luo
11:01 Feudal Age
12:14 Town Watch
16:18 Castle Age
15:05 Double-Bit Axe
15:01 Horse Collar
17:46 Bow Saw
17:39 Heavy Plow
20:11 Gold Mining
21:14 Stone Mining
22:58 Gold Shaft Mining
24:38 Stone Shaft Mining
25:18 Fortified Wall
27:43 Wheelbarrow
30:08 Imperial Age
27:29 Loom
28:52 Hand Cart
28:40 Town Patrol
28:41 Fletching
29:02 Forging
28:52 Scale Mail Armor
29:36 Bodkin Arrow
29:51 Forging
30:19 Chain Mail Armor
29:57 Pikeman
30:22 Arson
30:35 Halberdier
31:23 Devotion
31:19 Herbal Medicine
31:36 Masonry
31:47 Ballistics
31:03 Capped Ram
33:54 Conscription
34:21 Iron Casting
34:17 Plate Mail Armor
33:48 Onager
35:38 Furor Celtica
Connection lost

Rejoining the realm…

Still unreachable

The connection could not be restored.

Session expired

The server has moved on; the page needs a fresh start.